 Dungeon Crawl Stone Soup version 0.28.0-45-g0d030f2227 (console) character file.

Game seed: 7228721190525960821

261 Faeu the Shield-Bearer (level 5, 0/48 HPs)
             Began as a Minotaur Fighter on Apr 20, 2022.
             Slain by a bullfrog (2 damage)
             ... in a sewer.
             The game lasted 00:13:55 (3372 turns).

Faeu the Shield-Bearer (Minotaur Fighter)           Turns: 3372, Time: 00:13:56

Health: 0/48       AC:  7    Str: 23    XL:     5   Next: 96%
Magic:  4/4        EV:  6    Int:  5    God:
Gold:   71         SH:  4    Dex:  9    Spells: 4/4 levels left

rFire   . . .      SeeInvis .   a - +0 long sword {long}
rCold   . . .      Faith    .   c - +0 buckler
rNeg    . . .      Spirit   .   b - +0 scale mail
rPois   .          Reflect  .   (helmet restricted)
rElec   .          Harm     .   (no cloak)
rCorr   .          Rampage  .   (no gloves)
Will    .....                   (no boots)
Stlth   ..........              (no amulet)
HPRegen 0.16/turn               (no ring)
MPRegen 0.09/turn               (no ring)

@: constricted, very slow
A: horns 2, retaliatory headbutt
a: no special abilities


You were in a sewer.
You visited 1 branch of the dungeon, and saw 3 of its levels.
You also visited: Sewer.

You collected 71 gold pieces.


Innate Abilities, Weirdness & Mutations

You have a pair of horns on your head.
You reflexively headbutt those who attack you in melee.


   Skills:
 + Level 5.0 Fighting
 + Level 4.2 Long Blades
 + Level 5.1 Armour
 + Level 5.1 Shields


You had 4 spell levels left.
You didn't know any spells.
Your spell library was empty.

Inventory:

Hand Weapons
 a - a +0 long sword (weapon) {long}
 k - a +2 mace of holy wrath {mace}
   (You took it off an orc on level 3 of the Dungeon)
 m - a +0 dagger of protection {short}
   (You took it off a kobold on level 3 of the Dungeon)
Missiles
 o - 2 poisoned darts (quivered) {throwing}
Armour
 b - a +0 scale mail (worn)
 c - a +0 buckler (worn)
Jewellery
 h - an amulet of guardian spirit
   (You found it on level 1 of the Dungeon)
 j - a ring of poison resistance
   (You found it on level 2 of the Dungeon)
Scrolls
 f - 3 scrolls of magic mapping {unknown}
 g - 2 scrolls of blinking {unknown}
 i - a scroll of amnesia {unknown}
 l - 2 scrolls of teleportation {unknown}
 n - a scroll of identify {unknown}
Potions
 d - 2 potions of might
 e - 3 potions of lignification {unknown}

Dungeon Overview and Level Annotations

Branches:
Dungeon (3/15)              Sewer (1/1)

Altars:
Qazlal
Trog

###################
#≈≈≈≈≈≈≈≈≈≈≈≈≈≈≈#.###
≈≈≈≈#≈†.≈#≈≈≈≈≈≈...##
S≈≈≈S≈≈≈≈≈≈≈F≈≈≈≈....#
≈#≈≈≈≈≈≈≈≈SSF@≈≈≈....#
.≈≈≈≈≈≈≈≈≈≈≈S≈≈≈≈....##
.≈≈≈≈≈≈≈≈≈≈≈≈≈≈≈#.....#
##################....#
##...## #....# +....#
##†..# ##...##
####################....#
##.#≈≈≈≈≈≈≈≈≈≈≈≈≈≈≈......#


You could see 2 bullfrogs, an adder and 2 ball pythons.


Message History

A bullfrog comes into view.
You barely miss the adder. The adder bites you.
A bullfrog comes into view.
The bullfrog moves out of view. 😕 HP[-1]
You take 1 damage, and now have 47/48 hp.
You barely miss the adder. The adder bites you.
A ball python comes into view.
The adder bites you but does no damage.
The bullfrog gives a loud, deep croak!
You hit the adder but do no damage.
You hear an angry hiss. x3
The bullfrog closely misses you. You furiously retaliate!
You headbutt the bullfrog. The adder bites you but does no damage.
You block the bullfrog's attack.
A ball python comes into view.
You block the adder's attack.
You barely miss the adder. Your headbutt misses the adder.
You block the bullfrog's attack. x2
A ball python comes into view.
The adder bites you.
You are poisoned.
The adder poisons you! The bullfrog hits you. x2 😕 HP[-7]
You take 7 damage, and now have 40/48 hp.
You slash the adder!
You feel sick. The bullfrog closely misses you. You block the adder's attack.
The bullfrog closely misses you. x2
The adder bites you but does no damage. The bullfrog hits you. 😮 HP[-4]
You take 4 damage, and now have 36/48 hp.
You hit the adder.
You kill the adder!
You feel sick. The bullfrog hits you.
The bullfrog hits you but does no damage.
The bullfrog closely misses you. 😮 HP[-2]
You take 2 damage, and now have 34/48 hp.
You slash the ball python!
You kill the ball python!
You feel sick. The bullfrog hits you. The ball python bites you.
The ball python grabs you. The ball python constricts you.
You block the bullfrog's attack. The bullfrog closely misses you.
The ball python bites you but does no damage.
The ball python bites you.
The ball python constricts you. 😮 HP[-6]
You take 6 damage, and now have 28/48 hp.
You escape the ball python's grasp.
You enter the shallow water.
Moving in this stuff is going to be slow.
You feel sick. The bullfrog closely misses you. You furiously retaliate!
You headbutt the bullfrog! The bullfrog closely misses you.
The ball python bites you but does no damage.
The ball python grabs you. The ball python constricts you.
The bullfrog barely misses you. You block the ball python's attack.
The bullfrog hits you but does no damage.
You block the ball python's attack.
The ball python constricts you. 😮 HP[-2]
You take 2 damage, and now have 26/48 hp.
You escape the ball python's grasp.
You feel sick.
You are no longer poisoned.
The bullfrog hits you.
* * * LOW HITPOINT WARNING * * *
The ball python completely misses you. The ball python barely misses you.
The ball python bites you.
* * * LOW HITPOINT WARNING * * *
The ball python barely misses you.
You block the bullfrog's attack. 😨 HP[-8]
You take 8 damage, and now have 18/48 hp.
The bullfrog hits you!
* * * LOW HITPOINT WARNING * * *
You block the ball python's attack. The ball python grabs you.
The ball python constricts you.
A ball python comes into view.
The ball python bites you but does no damage.
The bullfrog hits you but does no damage. x2
The ball python bites you but does no damage.
The ball python constricts you.
* * * LOW HITPOINT WARNING * * *
😱 HP[-8]
You take 8 damage, and now have 10/48 hp.
You escape the ball python's grasp.
The adder hisses angrily.
The bullfrog snags a nearby small bird with its tongue.
The bullfrog hits you but does no damage.
The bullfrog hits you.
* * * LOW HITPOINT WARNING * * *
The bullfrog closely misses you. The ball python barely misses you.
The ball python closely misses you. 😱 HP[-2]
You take 2 damage, and now have 8/48 hp.
The bullfrog barely misses you. The bullfrog hits you.
* * * LOW HITPOINT WARNING * * *
You block the ball python's attack. The ball python grabs you.
The ball python constricts you. The bullfrog hits you.
* * * LOW HITPOINT WARNING * * *
The bullfrog hits you.
You die...

Skill      XL: |  1  2  3  4  5 |
---------------+----------------+-----
Fighting       | 4 5 |  5.0
Shields        | 4 5 |  5.1
Armour         | 4 5 |  5.1
Long Blades    | 3 4 |  4.2

Action                   |  1- 3 |  4- 6 || total
-------------------------+-------+-------++-------
Melee: Long sword        |    52 |   154 ||   206
       Headbutt          |     8 |    16 ||    24
Armor: Scale mail        |    27 |   102 ||   129
Dodge: Dodged            |    32 |   115 ||   147
Block: Buckler           |    16 |    59 ||    75

Levels and vault maps discovered:
D:1:      dpeg_arrival_tiny_a, layout_loops_corners
D:2:      layout_rooms, basic_altar, serial_curves, eino_curves_04,
          eino_curves_04, uniq_natasha
D:3:      layout_loops_cross, mainiacjoe_overflow_alcove_1,
          chequers_ecumenical_altar_simple, portal_sewer_entry_a, minmay_cupped,
          uniq_jessica
Sewer:    sewer_minmay_w

Notes
Turn   | Place    | Note
-------+----------+-------------------------------------------
     0 | D:1      | Faeu the Minotaur Fighter began the quest for the Orb.
     0 | D:1      | Reached XP level 1. HP: 19/19 MP: 0/0
     0 | D:1      | magus.rc [v1.9.6]
   328 | D:1      | Reached XP level 2. HP: 22/27 MP: 1/1
   794 | D:1      | Reached skill level 4 in Fighting
   794 | D:1      | Reached skill level 4 in Shields
   857 | D:1      | Reached skill level 4 in Armour
  1070 | D:2      | Noticed Natasha
  1083 | D:2      | Killed Natasha
  1084 | D:2      | Reached skill level 3 in Long Blades
  1084 | D:2      | Reached XP level 3. HP: 17/33 MP: 2/2
  1086 | D:2      | Noticed Natasha
  1232 | D:2      | Killed Natasha
  1233 | D:2      | Reached XP level 4. HP: 41/41 MP: 3/3
  1591 | D:2      | Noticed Natasha
  1605 | D:2      | Killed Natasha
  1865 | D:2      | Found a stormy altar of Qazlal.
  1983 | D:3      | Found a bloodstained altar of Trog.
  2423 | D:3      | Found a faded altar of an unknown god.
  2427 | D:3      | Noticed Jessica
  2430 | D:3      | Killed Jessica
  2431 | D:3      | Reached XP level 5. HP: 43/47 MP: 4/4
  2613 | D:3      | Reached skill level 4 in Long Blades
  2632 | D:3      | Found a glowing drain.
  2644 | Sewer    | Entered a sewer
  3041 | Sewer    | Reached skill level 5 in Shields
  3130 | Sewer    | Reached skill level 5 in Armour
  3131 | Sewer    | Reached skill level 5 in Fighting
  3370 | Sewer    | HP: 11/48 [bullfrog (7)]
  3372 | Sewer    | HP: 4/48 [bullfrog (4)]
  3372 | Sewer    | Slain by a bullfrog

Vanquished Creatures
  Jessica (D:3)
  Natasha (thrice) (D:2)
  3 adders (Sewer)
  4 river rats
  A worm (D:3)
  3 orcs (D:3)
  13 ball pythons
  4 endoplasms
  5 giant cockroaches
  6 goblins
  7 hobgoblins
  5 jackals
  3 quokkas
  7 bats
  2 frilled lizards
  5 kobolds
  27 rats
99 creatures vanquished.

Table legend:
 A = Non-vault XP
 B = Vault XP
 C = Vault XP percentage of total XP
 D = Non-vault monster count
 E = Vault monster count
 F = Vault count percentage of total count
                 A         B        C        D         E       F
            +---------+---------+-------+---------+---------+-------
      Total |     163 |     210 |  56.3 |      52 |      47 |  47.5
            +---------+---------+-------+---------+---------+-------
        D:1 |      35 |       0 |   0.0 |      21 |       0 |   0.0
        D:2 |      91 |      36 |  28.3 |      13 |       1 |   7.1
        D:3 |      37 |      63 |  63.0 |      18 |       9 |  33.3
      Sewer |       0 |     111 | 100.0 |       0 |      37 | 100.0
            +---------+---------+-------+---------+---------+-------

Illustrated notes

Table legend:
 A = Kills in this place as a percentage of kills in entire the game.
 B = Kills by you in this place as a percentage of kills by you in the entire game.
 C = Kills by friends in this place as a percentage of kills by friends in the entire game.
 D = Other kills in this place as a percentage of other kills in the entire game.
 E = Experience gained in this place as a percentage of experience gained in the entire game.
 F = Experience gained in this place divided by the number of levels of this place that you have seen.
                   A       B       C       D       E      F
               +-------+-------+-------+-------+-------+----------------------
         Total | 100.0 | 100.0 |   N/A |   N/A | 100.0 |  93.2
       Dungeon |  62.6 |  62.6 |   N/A |   N/A |  70.2 |  87.3
         Sewer |  37.4 |  37.4 |   N/A |   N/A |  29.8 | 111.0
               +-------+-------+-------+-------+-------+----------------------

Table legend: (Time is in decaauts)
 A = Elapsed time spent in this place.
 B = Non-inter-level travel time spent in this place.
 C = Inter-level travel time spent in this place.
 D = Time resting spent in this place.
 E = Time spent auto-exploring this place.
 F = Levels seen in this place.
 G = Mean time per level.
                   A        B        C        D        E       F      G
               +--------+--------+--------+--------+--------+-----+--------+
         Total |   3531 |   3422 |    109 |    717 |   1362 |   4 |  882.8 |
       Dungeon |   2694 |   2585 |    109 |    325 |   1349 |   3 |  898.0 |
         Sewer |    837 |    837 |      0 |    392 |     13 |   1 |  837.0 |
               +--------+--------+--------+--------+--------+-----+--------+

Top non-repeatable levels by time:
     D:1: 1216 daAuts
   Sewer: 837 daAuts
     D:2: 774 daAuts
     D:3: 703 daAuts
